 Dungeon Crawl Stone Soup version 0.22.1-7-g5c428e77e6 (webtiles) character file.

55924 Tali the Severer (level 14, -13/171 HPs)
             Began as a Demonspawn Berserker on Mar 6, 2019.
             Was a Priest of Trog.
             Mangled by a halberd of Yredelemnul's Anger {chaos, rElec Dex+2} (20 damage)
             ... on level 12 of the Dungeon.
             The game lasted 00:49:40 (22610 turns).

Tali the Severer (Demonspawn Berserker)            Turns: 22610, Time: 00:49:40

Health: -13/171    AC: 27    Str: 22    XL:     14   Next: 40%
Magic:  13/14      EV:  2    Int: 10    God:    Trog [***...]
Gold:   1040       SH:  0    Dex: 27    Spells: 13/13 levels left

rFire    . . .     SeeInvis +   L - +3 executioner's axe of the Hundredfold Ghosts {venom, *Drain Dex+6}
rCold    + . .     Gourm    .   (shield currently unavailable)
rNeg     + + +     Faith    .   (armour currently unavailable)
rPois    +         Spirit   .   (helmet unavailable)
rElec    .         Reflect  .   (cloak currently unavailable)
rCorr    .         Harm     .   (gloves currently unavailable)
MR       +++..     NoTele   +   (boots currently unavailable)
Stlth    ++++......             E - amulet of Eternal Harmony {RegenMP rC+ Dex+3}
HPRegen  1.38/turn              m - ring of see invisible
MPRegen  0.39/turn              K - +4 ring of strength

@: lethally poisoned (-13 -> -13), tree-form, berserk cooldown, starving,
regenerating, slowed, drained, very slow
A: agile 1, sense surroundings 1, powered by death 2, rot immunity, MP-powered
wands
a: Berserk, Trog's Hand, Renounce Religion


You were on level 12 of the Dungeon.
You worshipped Trog.
Trog was most pleased with you.
You were starving.
You were a tree.
You visited 2 branches of the dungeon, and saw 18 of its levels.

You collected 1040 gold pieces.

Inventory:

Hand Weapons
 a - the cursed +3 hunting sling of Exquisite Torment {flame, rElec rPois Str+2 Int-2}
   (You found it on level 1 of the Lair of Beasts)

   It causes projectiles fired from it to burn those they strike, causing extra
   injury to most foes and up to half again as much damage against particularly
   susceptible opponents.
   It affects your strength (+2).
   It affects your intelligence (-2).
   It insulates you from electricity.
   It protects you from poison.
   It has a curse placed upon it.
 G - a cursed -2 blowgun
 L - the +3 executioner's axe of the Hundredfold Ghosts (weapon) {venom, *Drain Dex+6}
   (Trog gifted it to you on level 9 of the Dungeon)

   It poisons the flesh of those it strikes.
   It affects your dexterity (+6).
   It causes draining when unequipped.
Missiles
 d - 8 poisoned javelins (quivered)
 e - 262 arrows
 g - 229 bolts
 k - 17 tomahawks
 q - 8 needles of sleeping
 t - 166 sling bullets
 D - 41 poisoned needles
 F - 2 throwing nets
 S - 9 curare-tipped needles
Armour
 h - +0 fire dragon scales
 j - a +2 leather armour of poison resistance
 n - a +0 pair of gloves (melded)
 p - a +0 pair of boots (melded)
 J - the +0 robe of Midnight (melded) {rF+ Regen+ Str-4}
   (You found it on level 9 of the Dungeon)

   It affects your strength (-4).
   It protects you from fire.
   It increases your rate of regeneration.
 R - a scarf of repulsion (melded)
 Z - a +2 robe of cold resistance
Jewellery
 m - a ring of see invisible (left branch)
 C - an uncursed ring of resist corrosion
 E - the amulet of Eternal Harmony (around neck) {RegenMP rC+ Dex+3}
   (You found it on level 9 of the Dungeon)

   [amulet of magic regeneration]

   It increases your magic regeneration.
   It affects your dexterity (+3).
   It protects you from cold.
 H - an uncursed ring of fire
 K - a +4 ring of strength (right branch)
 M - an uncursed ring of stealth
 N - an uncursed amulet of harm
 O - an uncursed ring of positive energy
 X - an uncursed ring of ice
Wands
 u - a wand of polymorph (47)
 w - a wand of acid (16)
 y - a wand of iceblast (22)
 B - a wand of scattershot (2)
 Q - a wand of paralysis (11)
 W - a wand of digging (12)
Scrolls
 b - 3 scrolls of fear
 f - a scroll of acquirement
 l - 6 scrolls of fog
 s - 4 scrolls of magic mapping
 v - 17 scrolls of remove curse
 z - a scroll of blinking
 P - a scroll of identify
 V - a scroll of teleportation
Potions
 i - 8 potions of might
 o - 5 potions of brilliance
 r - 2 potions of lignification
 A - a potion of agility
 T - 2 potions of flight
 U - a potion of cancellation
 Y - a potion of magic
Miscellaneous
 I - a crystal ball of energy
Comestibles
 c - 33 rations


   Skills:
 + Level 11.8(11.2) Fighting
 * Level 16.7(16.1) Axes
 + Level 4.9(4.5) Armour
 + Level 9.0(8.5) Dodging
 + Level 5.4(4.9) Stealth
 + Level 0.2(0.0) Evocations


You had 13 spell levels left.
You didn't know any spells.
Your spell library was empty.

Dungeon Overview and Level Annotations

Branches:
Dungeon (12/15)            Temple (0/1) D:4            Lair (6/6) D:9
  Swamp (0/4) Lair:2        Snake (0/4) Lair:2        Slime (0/5) Lair:5
    Orc (0/2) D:12

Altars:
Ashenzari
Gozag
Nemelex Xobeh
Qazlal
Xom
Yredelemnul
Zin
Jiyva

Shops:
D:7 }

Annotations:
Lair:6 exclusion: oklob plant


Innate Abilities, Weirdness & Mutations

((You have a pair of large horns on your head.))
((Your flesh is heat resistant. (rF+)))
You regenerate health from kills.
You are immune to rotting.
((When seriously injured, your bleeding wounds create thick armour. (AC +0)))
You are agile. (Dex +2)
You passively map a small area around you.
((Your system is resistant to poisons. (rPois)))
You expend magic power (3 MP) to strengthen your wands.


Message History

You feel resistant to hostile enchantments.
You are starving!
You feel sick.
Your ogre completely misses the polished halberd {chaos}.
The polished halberd {chaos} misses you.
You turn into a tree.
Your scarf of repulsion melds into your body.
Your +0 pair of gloves melds into your body.
Your +0 pair of boots melds into your body.
The +0 robe of Midnight {rF+ Regen+ Str-4} melds into your body.
The haze of the repulsion field disappears.
Your roots penetrate the ground.
Your blood armour dries and flakes away.
You feel sick.
Your ogre hits the polished halberd {chaos} with a giant club.
The polished halberd {chaos} hits you from afar.
* * * LOW HITPOINT WARNING * * *
Your ogre barely misses the polished halberd {chaos}.
The polished halberd {chaos} hits you from afar!!
You die...

......# #####.#.###
#.....# #..........
###..## #..........
#..# #.......... ###..#
##.......... .....#
#.......>... ###.##
###### #...........
).#.# ###....#
#........... #.#.#
#...O♣.# #...........
#.#.##
###(##.####...........
.....#
#$_$#......####.#.#..
#.#..# ##.######.##
#..#...
.....###########......#
###.#..
#.................#####
#.#..
##.>.##########...#
#.#.. ##.## ##.##
#####(### #.# #.#
#(..)(...


You could see a halberd of Yredelemnul's Anger {chaos, rElec Dex+2} and a
friendly ogre (berserk).

Vanquished Creatures
  The ghost of zuik the Grappler, a journeyman TrFi of Jiyva (D:12)
  Snorg (D:12)
  Fannar (D:12)
  A hydra (D:12)
  Harold (D:7)
  2 two-headed ogres
  4 skeletal warriors (D:10)
  An unseen horror (D:11)
  A manticore (D:11)
  A cyclops (D:11)
  An ugly thing (D:11)
  12 elephants
  Joseph (D:10)
  6 black mambas
  A centaur skeleton (D:12)
  8 spiny frogs
  A gargoyle (D:12)
  9 komodo dragons
  A rime drake (Lair:4)
  2 trolls
  2 hornets
  11 blink frogs
  2 slime creatures (D:12)
  11 hippogriffs
  4 dream sheep (Lair:5)
  2 vampires
  4 wyverns
  A basilisk (Lair:2)
  19 yaks
  A human (D:12)
  A steam dragon (D:7)
  A hungry ghost (D:9)
  The ghost of hofbold the Ducker, an amateur OpGl (D:3)
  A warg (D:12)
  2 acid dragons
  5 porcupines
  12 water moccasins
  A sky beast (D:7)
  2 orc warriors
  6 ice beasts
  3 black bears
  2 necrophages (D:8)
  5 ogres
  A phantom (D:9)
  5 centaurs
  11 wolves
  20 crocodiles
  3 big kobolds
  13 bullfrogs
  A wyvern skeleton (D:10)
  10 killer bees
  4 scorpions
  2 howler monkeys
  4 electric eels
  5 bullfrog zombies
  2 centaur zombies
  8 crimson imps
  3 jellies
  2 quasits
  9 orc priests
  7 hounds
  7 orc wizards
  5 bullfrog skeletons
  Ijyb (D:4)
  7 worker ants
  4 iguanas
  A killer bee zombie (D:9)
  A worker ant zombie (D:6)
  35 adders
  13 gnolls
  3 shadow imps
  An ooze (D:4)
  2 adder zombies
  An adder skeleton (D:7)
  3 worms
  A dart slug (D:1)
  3 leopard geckos
  47 orcs
  6 giant cockroaches
  12 goblins
  6 hobgoblins
  17 jackals
  4 quokkas
  3 ball pythons
  4 bats
  2 frilled lizards
  A jackal skeleton (D:6)
  25 kobolds
  A leopard gecko zombie (D:8)
  7 rats
  8 plants
496 creatures vanquished.

Vanquished Creatures (collateral kills)
  Gastronok (D:8)
  6 hydras
  A cyclops (D:12)
  3 elephants (Lair:6)
  A komodo dragon (Lair:1)
  A blink frog (Lair:6)
  A hippogriff (Lair:1)
  2 water moccasins
  An orc warrior (D:9)
  2 crocodiles
  2 killer bees (D:9)
  An adder skeleton (D:9)
  3 orcs (D:9)
  A kobold (D:12)
26 creatures vanquished.

Vanquished Creatures (others)
  13 fungi
  25 plants
38 creatures vanquished.

Grand Total: 560 creatures vanquished

Notes
Turn   | Place    | Note
-------+----------+-------------------------------------------
     0 | D:1      | Tali the Demonspawn Berserker began the quest for the Orb.
     0 | D:1      | Reached XP level 1. HP: 18/18 MP: 1/1
   552 | D:1      | Gained mutation: You have a pair of small horns on your
                  | head. [demonic ancestry]
   552 | D:1      | Reached XP level 2. HP: 23/24 MP: 2/2
   596 | D:1      | Reached skill level 3 in Axes
  1048 | D:2      | Gained mutation: You regenerate a little health from kills.
                  | [demonic ancestry]
  1048 | D:2      | Reached XP level 3. HP: 29/29 MP: 3/3
  1057 | D:2      | Reached ** piety under Trog
  1066 | D:2      | Reached XP level 4. HP: 15/36 MP: 4/4
  1337 | D:2      | Noticed an ogre
  1345 | D:2      | Killed an ogre
  1345 | D:2      | Gained mutation: You have a pair of horns on your head.
                  | [demonic ancestry]
  1345 | D:2      | Reached XP level 5. HP: 21/42 MP: 5/5
  2563 | D:3      | Reached skill level 4 in Axes
  2576 | D:3      | HP: 2/42 [adder (5)]
  2829 | D:3      | Found a glowing silver altar of Zin.
  2860 | D:3      | Found a runed gate.
  2863 | D:3      | Found a runed gate.
  2864 | D:3      | Found a runed gate.
  2865 | D:3      | Noticed hofbold's ghost (amateur OpGl)
  2867 | D:3      | Found an opulent altar of Gozag.
  3304 | D:3      | Found an opulent altar of Gozag.
  3507 | D:3      | Killed hofbold's ghost
  3507 | D:3      | Gained mutation: You are immune to rotting. [demonic
                  | ancestry]
  3507 | D:3      | Reached XP level 6. HP: 21/48 MP: 6/6
  3619 | D:4      | Reached skill level 5 in Axes
  3619 | D:4      | Reached skill level 1 in Stealth
  3619 | D:4      | Reached XP level 7. HP: 17/55 MP: 7/7
  4041 | D:4      | Found a staircase to the Ecumenical Temple.
  4671 | D:4      | Gained mutation: You are clumsy. (Dex -2) [potion of
                  | mutation]
  4671 | D:4      | Gained mutation: Your spells are a little harder to cast,
                  | but a little more powerful. [potion of mutation]
  4671 | D:4      | Gained mutation: Your flesh is heat resistant. (rF+)
                  | [potion of mutation]
  4798 | D:4      | Reached *** piety under Trog
  4831 | D:4      | Lost mutation: You are clumsy. (Dex -2) [potion of
                  | mutation]
  4831 | D:4      | Lost mutation: Your flesh is heat resistant. (rF+) [potion
                  | of mutation]
  4831 | D:4      | Lost mutation: Your spells are a little harder to cast, but
                  | a little more powerful. [potion of mutation]
  4831 | D:4      | Gained mutation: Scrolls take you a little longer to read.
                  | [potion of mutation]
  4831 | D:4      | Gained mutation: You expend magic power (3 MP) to
                  | strengthen your wands. [potion of mutation]
  4831 | D:4      | Gained mutation: Scrolls take you longer to read. [potion
                  | of mutation]
  4831 | D:4      | Gained mutation: You passively map a small area around you.
                  | [potion of mutation]
  5038 | D:4      | Noticed Ijyb
  5049 | D:4      | Killed Ijyb
  5227 | D:4      | Found a stormy altar of Qazlal.
  5227 | D:4      | Found a shattered altar of Ashenzari.
  5228 | D:4      | Found a sparkling altar of Nemelex Xobeh.
  5491 | D:5      | Entered Level 5 of the Dungeon
  5558 | D:5      | Gained mutation: When seriously injured, your bleeding
                  | wounds create armour. (AC +0) [demonic ancestry]
  5558 | D:5      | Reached XP level 8. HP: 55/61 MP: 8/8
  5610 | D:5      | Reached skill level 5 in Fighting
  5610 | D:5      | Reached skill level 6 in Axes
  5623 | D:5      | Found a shattered altar of Ashenzari.
  6100 | D:5      | Reached skill level 7 in Axes
  6230 | D:5      | Reached **** piety under Trog
  6525 | D:6      | Reached skill level 5 in Dodging
  6529 | D:6      | Gained mutation: You regenerate health from kills. [demonic
                  | ancestry]
  6529 | D:6      | Reached XP level 9. HP: 37/69 MP: 9/9
  6652 | D:6      | Reached skill level 8 in Axes
  8102 | D:7      | Noticed Harold
  8109 | D:7      | Reached ***** piety under Trog
  8112 | D:7      | Reached skill level 9 in Axes
  8128 | D:7      | Killed Harold
  8128 | D:7      | Gained mutation: You have a pair of large horns on your
                  | head. [demonic ancestry]
  8128 | D:7      | Reached XP level 10. HP: 76/77 MP: 10/10
  8178 | D:7      | Found Lunel's Gadget Emporium.
  8643 | D:8      | Reached skill level 10 in Axes
  9160 | D:8      | Noticed Gastronok
  9181 | D:8      | Killed Gastronok
  9425 | D:8      | Noticed a two-headed ogre
  9436 | D:8      | Killed a two-headed ogre
  9436 | D:8      | Reached skill level 11 in Axes
  9910 | D:9      | Got a smoking golden amulet
  9926 | D:9      | Found the dull robe
  9930 | D:9      | Got a dull robe
  9941 | D:9      | Identified the cursed -5 robe of Misfortune {-Cast *Contam
                  | *Tele *Drain EV-5 Stlth-- *Curse} (You found it on level 9
                  | of the Dungeon)
 10362 | D:9      | Identified the amulet of Eternal Harmony {RegenMP rC+
                  | Dex+3} (You found it on level 9 of the Dungeon)
 10398 | D:9      | Found a staircase to the Lair.
 10860 | D:9      | Reached XP level 11. HP: 86/86 MP: 11/11
 10964 | D:9      | Got a fabulously ornate robe
 10975 | D:9      | Identified the +0 robe of Midnight {rF+ Regen+ Str-4} (You
                  | found it on level 9 of the Dungeon)
 11657 | D:9      | Received a gift from Trog
 11662 | D:9      | Got a shimmering executioner's axe {god gift}
 11663 | D:9      | Identified the +3 executioner's axe of the Hundredfold
                  | Ghosts {venom, *Drain Dex+6} (Trog gifted it to you on
                  | level 9 of the Dungeon)
 11875 | D:10     | Entered Level 10 of the Dungeon
 11953 | Lair:1   | Entered Level 1 of the Lair of Beasts
 12617 | Lair:1   | Reached skill level 12 in Axes
 12863 | Lair:1   | Got a dazzling hunting sling
 12866 | Lair:1   | Identified the cursed +3 hunting sling of Exquisite Torment
                  | {flame, rElec rPois Str+2 Int-2} (You found it on level 1
                  | of the Lair of Beasts)
 13242 | Lair:2   | Found a staircase to the Swamp.
 13502 | Lair:2   | Reached skill level 10 in Fighting
 13502 | Lair:2   | Reached skill level 13 in Axes
 13502 | Lair:2   | Gained mutation: Your flesh is heat resistant. (rF+)
                  | [demonic ancestry]
 13502 | Lair:2   | Reached XP level 12. HP: 98/98 MP: 12/12
 13712 | Lair:2   | Found a staircase to the Snake Pit.
 14347 | Lair:2   | Reached skill level 14 in Axes
 14535 | Lair:2   | Reached XP level 13. HP: 45/105 MP: 13/13
 16679 | Lair:3   | Identified a scroll of acquirement
 17465 | Lair:4   | Found a basalt altar of Yredelemnul.
 17871 | Lair:5   | Reached skill level 15 in Axes
 18232 | Lair:5   | Found a viscous altar of Jiyva.
 18232 | Lair:5   | Found a staircase to the Slime Pits.
 18874 | Lair:6   | Entered Level 6 of the Lair of Beasts
 19475 | Lair:6   | HP: 2/159 [elephant (9)]
 19864 | D:9      | Lost mutation: Scrolls take you longer to read. [potion of
                  | mutation]
 19864 | D:9      | Lost mutation: You passively map a small area around you.
                  | [potion of mutation]
 19864 | D:9      | Lost mutation: Scrolls take you a little longer to read.
                  | [potion of mutation]
 19864 | D:9      | Lost mutation: You expend magic power (3 MP) to strengthen
                  | your wands. [potion of mutation]
 19864 | D:9      | Gained mutation: You passively map a small area around you.
                  | [potion of mutation]
 19864 | D:9      | Gained mutation: You expend magic power (3 MP) to
                  | strengthen your wands. [potion of mutation]
 19864 | D:9      | Gained mutation: Your system is resistant to poisons.
                  | (rPois) [potion of mutation]
 19864 | D:9      | Gained mutation: You are agile. (Dex +2) [potion of
                  | mutation]
 20191 | D:10     | Noticed Joseph
 20205 | D:10     | Killed Joseph
 20251 | D:10     | Reached skill level 5 in Stealth
 20538 | D:10     | Reached skill level 16 in Axes
 20538 | D:10     | Gained mutation: When seriously injured, your bleeding
                  | wounds create thick armour. (AC +0) [demonic ancestry]
 20538 | D:10     | Reached XP level 14. HP: 105/113 MP: 10/14
 21537 | D:12     | Noticed Fannar
 21547 | D:12     | Killed Fannar
 21688 | D:12     | Found a staircase to the Orcish Mines.
 22078 | D:12     | Noticed Snorg
 22088 | D:12     | Killed Snorg
 22591 | D:12     | Found a runed door.
 22591 | D:12     | Found a shimmering altar of Xom.
 22591 | D:12     | Noticed zuik's ghost (journeyman TrFi)
 22604 | D:12     | Killed zuik's ghost
 22606 | D:12     | HP: 4/171 [polished halberd {chaos} (5)]
 22610 | D:12     | Identified the +1 halberd of Yredelemnul's Anger {chaos,
                  | rElec Dex+2}
 22610 | D:12     | Mangled by a halberd of Yredelemnul's Anger {chaos, rElec
                  | Dex+2}

Skill      XL: |  1  2  3  4  5  6  7  8  9 10 11 12 13 14 |
---------------+-------------------------------------------+-----
Axes           | 3 4 5 7 9 11 13 14 16 | 16.7
Dodging        | 2 3 4 5 6 7 8 9 |  9.0
Armour         | 2 3 4 |  4.9
Fighting       | 4 5 6 8 10 11 | 11.8
Stealth        | 1 2 3 4 5 |  5.4
Evocations     | |  0.2

Action                   |  1- 3 |  4- 6 |  7- 9 | 10-12 | 13-15 || total
-------------------------+-------+-------+-------+-------+-------++-------
Melee: Hand axe          |    71 |   139 |   170 |       |       ||   380
       Headbutt          |     4 |    23 |    59 |    87 |   135 ||   308
       Broad axe         |       |       |   168 |   179 |       ||   347
       Battleaxe         |       |       |       |    97 |       ||    97
       Executioner's axe |       |       |       |   146 |   436 ||   582
Invok: Berserk           |     1 |     5 |     7 |     6 |     9 ||    28
       Trog's Hand       |     1 |     1 |       |       |     2 ||     4
       Brothers in Arms  |       |       |       |     4 |    15 ||    19
Evoke: Wand              |       |       |       |       |     5 ||     5
  Use: Potion            |       |     7 |     3 |     4 |    13 ||    27
       Scroll            |       |     4 |     5 |     7 |    12 ||    28
 Stab: Sleeping          |       |       |       |     7 |    14 ||    21
       Distracted        |       |       |       |     1 |     6 ||     7
       Paralysed         |       |       |       |       |     1 ||     1
  Eat: Chunk             |       |    13 |    22 |    29 |    35 ||    99
       Ration            |       |       |       |     1 |     1 ||     2
Armor: Animal skin       |    10 |       |       |       |       ||    10
       Leather armour    |    18 |    46 |   144 |    66 |       ||   274
       Skin              |       |    41 |       |     2 |    91 ||   134
       Robe              |       |       |       |    55 |    73 ||   128
Dodge: Dodged            |    67 |   128 |   358 |   494 |   572 ||  1619
       Deflected         |       |       |       |       |    12 ||    12
